[Event "*** SCC Grand Prix: Titled Tuesday Blitz"]
[Site "Chess.com"]
[Date "2020.06.02"]
[Round "6"]
[White "TST2014"]
[Black "Igor_Lysyj"]
[Result "0-1"]
[WhiteElo "2507"]
[BlackElo "2760"]
[TimeControl "180+1"]
[EndTime "11:10:30 PDT"]
[Termination "Igor_Lysyj won on time"]

1. d4 d5 2. c4 e6 3. Nf3 Nf6 4. Nc3 dxc4 5. e3 a6 6. a4 c5 7. Bxc4 Nc6 8. O-O Be7 9. Qe2 O-O 10. Rd1 Qc7 11. b3 Bd7 12. Bb2 cxd4 13. exd4 Na5 14. Rac1 Nxc4 15. bxc4 Rfd8 16. h3 Bb4 17. Ra1 Rac8 18.
c5 Bxc3 19. Bxc3 Nd5 20. Qd2 Re8 21. Ba5 Qb8 22. Ne5 Bc6 23. Ra3 f6 24. Nc4 Qf4 25. Nd6 Qxd2 26. Rxd2 g5 27. f3 Kg7 28. Kf2 Nf4 29.
Rb2 Rf8 30. Nxc8 Rxc8 31. Bd2 Nd5 32. a5 Rc7 33. Rab3 h5 34. Rb1 Rd7 35. Be3 h4 36. Re1 Ba4 37. Ra3 Bb5 38. Bc1 Kf7 39. g3 hxg3+ 40.
Kxg3 Nb4 41. Re4 Nc2 42. Ra2 Nxd4 43. Rd2 e5 44. Kf2 Rc7 45. Ba3 Ne6 46. Rd6 Bc6 47. Rb4 Nf4 48. Kg3 Kg6 49. Rb6 Rh7 50. h4 Rxh4 51. Rdxc6 bxc6 52. Rxc6 Rh3+ 53. Kf2 Rh2+ 54. Kf1 Ra2 55. Bb4 Ra1+ 56. Kf2 Nd3+ 57. Ke3 Nxb4 58. Rb6 Nd5+ 59. Ke4 Nxb6 60. axb6 Rb1 61. Kd5 Rd1+ 62. Ke6 Rb1 0-1

[Event "*** SCC Grand Prix: Titled Tuesday Blitz"]
[Site "Chess.com"]
[Date "2020.06.02"]
[Round "6"]
[White "Leonid_Starozhilov"]
[Black "davidkalashian"]
[Result "1-0"]
[WhiteElo "2722"]
[BlackElo "2569"]
[TimeControl "180+1"]
[EndTime "11:10:31 PDT"]
[Termination "Leonid_Starozhilov won on time"]

1. e4 c5 2. Nf3 a6 3. c4 e6 4.
Nc3 Nc6 5. d4 cxd4 6. Nxd4 d6 7.
Be2 Nf6 8. O-O Be7 9. b3 O-O 10.
Bb2 Bd7 11. Nxc6 Bxc6 12. f3 b5 13. Kh1 Qb6 14. Rc1 Rac8 15. Qd2 Rfd8 16. Rfd1 h6 17.
cxb5 axb5 18. Qd4 Qb7 19. Ba3 Bf8 20. Bb4 e5 21. Qf2 d5 22. Bxf8 Rxf8 23. exd5 Nxd5 24. Nxd5 Bxd5 25. Qe3 e4 26. Rxc8 Rxc8 27. fxe4 Bxe4 28. Bf3 Bxf3 29. Qxf3 Qxf3 30. gxf3 Rc2 31. Rd5 Rxa2 32. Rd4 Re2 33. Rb4 Re5 34. Kg2 Rd5 35. Kg3 g5 36. h4 Kg7 37. hxg5 hxg5 38. Re4 Kg6 39. Re7 Rd3 40. b4 Rd4 41. Rb7 Rxb4 42. Rb6+ f6 43. Rb8 Rb3 44. Rb6 Kf5 45. Kf2 g4 46. fxg4+ Kg5 47.
Kg2 Rb4 48. Kf2 Rf4+ 49. Ke3 Rb4 50. Kf3 Rb3+ 51. Kf2 b4 52. Kg2 Kh4 53. Kf2 Rb2+ 54. Kf3 b3 55. Rxf6 Kg5 56. Rf5+ Kg6 57. Rb5 Rb1 58.
Rb6+ 1-0

[Event "*** SCC Grand Prix: Titled Tuesday Blitz"]
[Site "Chess.com"]
[Date "2020.06.02"]
[Round "6"]
[White "Sychev_Klementy"]
[Black "FMJoseHerrera"]
[Result "1-0"]
[WhiteElo "2840"]
[BlackElo "2657"]
[TimeControl "180+1"]
[EndTime "11:10:32 PDT"]
[Termination "Sychev_Klementy won on time"]

1. e4 c5 2. Nf3 e6 3. d4 cxd4 4.
Nxd4 a6 5. Bd3 Qc7 6. O-O Nf6 7. Qe2 d6 8. f4 Nbd7 9. c4 b6 10. b3 Bb7 11. Bb2 Be7 12. Nc3 h5 13. Rae1 O-O-O 14.
Rc1 Kb8 15. Nd5 exd5 16. cxd5 Nc5 17. b4 Rhe8 18. bxc5 dxc5 19. Bxa6 Nxd5 20. exd5 Bf6 21. Qb5 Bxd5 22. Nf5 Bc6 23. Qb3 Rd2 24. Rc2 Red8 25. Bxf6 gxf6 26. Rxd2 Rxd2 27. Ne3 Qe7 28. Bc4 Qe4 29. Rf2 Rxf2 30. Kxf2 Qxf4+ 31. Ke2 Ka7 32. Bd5 Ba4 33. Qa3 Kb8 34. Qd3 Qb4 35. Bc4 Qb2+ 36.
Kf3 Bc6+ 37. Kg3 Qe5+ 38. Kf2 Qf4+ 39. Ke2 Kc7 40. Nd5+ Bxd5 41. Qxd5 Qxh2 42. Qxf7+ Kb8 43. Qe8+ Kc7 44. Qe7+ Kc6 45. Qe6+ Kc7 46. Qf7+ Kc6 47.
Qxf6+ Kc7 48. Qe7+ Kc6 49. Qe6+ Kc7 50. Bd5 Qd6 51. Qxd6+ Kxd6 52. Bf3 h4 53. a4 Ke5 54.
Kd3 Kf4 55. Bc6 Ke5 56. Kc4 Kd6 57. Bf3 Kc7 58. Kb5 Kd6 59. Kxb6 c4 60. a5 c3 61. Bd1 Ke5 62. a6 Kd4 63. a7 h3 64. gxh3 1-0

[Event "*** SCC Grand Prix: Titled Tuesday Blitz"]
[Site "Chess.com"]
[Date "2020.06.02"]
[Round "6"]
[White "almo64"]
[Black "SketchyMoves"]
[Result "1-0"]
[WhiteElo "2830"]
[BlackElo "2644"]
[TimeControl "180+1"]
[EndTime "11:10:33 PDT"]
[Termination "almo64 won on time"]

1. e4 c6 2. Nf3 d5 3. c3 dxe4 4. Ng5 Qd5 5. d3 exd3 6. Bxd3 h6 7. Ne4 Bf5 8. c4 Qd8 9. O-O e6 10. Qb3 Qb6 11. Qc2 Nd7 12. Bf4 Bxe4 13. Bxe4 Ngf6 14. Nc3 Nxe4 15. Nxe4 Nc5 16. Be3 Qa5 17. Nc3 Nd7 18.
a3 Be7 19. Rfd1 Nf6 20. Bf4 O-O 21. b4 Qh5 22. h3 Rfd8 23. Ne2 b5 24. Ng3 Qh4 25.
Be5 Qxc4 26. Qxc4 bxc4 27. Rdc1 a5 28. Bc7 Rdc8 29. Bxa5 c5 30. Rxc4 cxb4 31. Rxc8+ Rxc8 32. axb4 Nd5 33. Rb1 Rb8 34. b5 Ra8 35. Bd2 Kf8 36. Ne4 Rb8 37. Nc3 Nxc3 38. Bxc3 Bc5 39. Kf1 Ke7 40. Bxg7 f6 41. Bxh6 e5 42. Be3 Bd6 43.
Ke2 Ke6 44. f3 f5 45. g4 f4 46. Bf2 Rh8 47. h4 Rg8 48. b6 Rb8 49. Rb3 Re8 50. Kd3 Kd5 51. b7 Bb8 52. Rb5+ Kc6 53. Rb6+ Kc7 54.
Ke4 Ba7 55. Rb2 Bxf2 56. Rxf2 Kxb7 57. Rc2 Kb6 58. h5 Rg8 59. Kxe5 Rc8 60. Rxc8 Kb7 61. Kxf4 Kb6 62. h6 Kb7 63. h7 Kxc8 64. h8=Q+ Kb7 65. Qg7+ Ka6 66. Qc7 Kb5 67. Ke4 Ka4 68. Kd3 1-0

[Event "*** SCC Grand Prix: Titled Tuesday Blitz"]
[Site "Chess.com"]
[Date "2020.06.02"]
[Round "6"]
[White "Matibar"]
[Black "tsvet2005"]
[Result "1/2-1/2"]
[WhiteElo "2696"]
[BlackElo "2557"]
[TimeControl "180+1"]
[EndTime "11:10:33 PDT"]
[Termination "Game drawn by agreement"]

1. e4 c5 2. Nf3 d6 3. d4 cxd4 4. Nxd4 Nf6 5. Nc3 a6 6. Qd3 Nbd7 7. Be2 Nc5 8. Qe3 e5 9. Nb3 Nxb3 10. axb3 Be6 11. O-O Be7 12. Rd1 O-O 13. Qg3 Re8 14.
Bh6 g6 15. Bc4 Qc8 16. Qd3 Rd8 17. Bg5 b5 18. Bxe6 Qxe6 19. Bxf6 Bxf6 20. Nd5 Ra7 21. c4 bxc4 22. bxc4 Bg5 23. b4 f5 24. b5 a5 25. b6 Rb7 26. Rxa5 Rf8 27. f3 fxe4 28. Qxe4 Qd7 29. Kh1 Rc8 30. Rda1 Bd8 31. Ra7 Rcb8 32.
Rxb7 Rxb7 33. Rb1 Kg7 34. c5 Qc6 35. cxd6 Qxd6 36. h4 Bxb6 37. Ne3 Rb8 38. Nc4 Qd4 39. Qxd4 exd4 40. Nxb6 d3 41. Kg1 d2 42. Rd1 Rxb6 43.
Rxd2 h5 44. Kh2 Kf6 45. Kg3 Rb4 46. Rd6+ Kf7 47. Rc6 Ra4 48. Rc5 Rb4 49. Re5 Kf6 50. Re4 Rb2 51. Kh3 Kf7 52. g3 Rb3 53. Rf4+ Ke6 54.
Rf8 Ke7 55. Rf4 Ke6 56. g4 hxg4+ 57. Kxg4 Rb5 58. Rf8 Ke7 59. Rf4 Ke6 60. Re4+ Kf6 61. Ra4 Kg7 62. f4 Kh6 63. Ra6 Rb1 64. f5 Rg1+ 65. Kh3 Kg7 66. fxg6 Rxg6 67. Ra5 Kh6 1/2-1/2

[Event "*** SCC Grand Prix: Titled Tuesday Blitz"]
[Site "Chess.com"]
[Date "2020.06.02"]
[Round "6"]
[White "AlexSuv"]
[Black "maximnovik"]
[Result "1-0"]
[WhiteElo "2679"]
[BlackElo "2456"]
[TimeControl "180+1"]
[EndTime "11:10:36 PDT"]
[Termination "AlexSuv won on time"]

1. d4 Nf6 2. Nf3 g6 3. c4 Bg7 4. Nc3 d5 5. Bg5 Ne4 6. cxd5 Nxg5 7. Nxg5 e6 8. Qd2 exd5 9. Qe3+ Kf8 10. Qf4 Bf6 11.
h4 h6 12. Nf3 Be6 13. e3 Nd7 14. Bd3 c5 15. Rd1 Qb8 16. Qxb8+ Rxb8 17. dxc5 Nxc5 18. Nd4 Kg7 19. Be2 h5 20. g3 Rhd8 21. O-O Bh3 22. Rfe1 Ne4 23. Nb1 Rbc8 24. Bd3 Rc7 25. Bxe4 dxe4 26.
Nc3 Bg4 27. Rd2 Rcd7 28. Nxe4 Bxd4 29. exd4 Rxd4 30. Rxd4 Rxd4 31. Kg2 Bf5 32. Nc3 Rd2 33. Re2 Rxe2 34. Nxe2 Be4+ 35. f3 Bd5 36. Nc3 Bc6 37.
Kf2 Kf6 38. Ke3 Ke5 39. Ne2 f6 40. Nf4 Be8 41. Nd3+ Kf5 42. a3 g5 43. b4 Bc6 44.
Nc5 b6 45. Nb3 Ke5 46. Nd4 Bd5 47. f4+ gxf4+ 48. gxf4+ Kd6 49. Nf5+ Kc6 50. Ng3 Kb5 51. Nxh5 Ka4 52. Nxf6 Bf7 53. Kd4 Kxa3 54. Kc3 a5 55. bxa5 bxa5 56. h5 a4 57. h6 Bg6 58. h7 Bxh7 59.
Nxh7 Ka2 60. Kc2 a3 61. Nf6 Ka1 62. Ne4 a2 63. Kb3 Kb1 64. Nc3+ Ka1 65. Nxa2 Kb1 66. f5 1-0

[Event "*** SCC Grand Prix: Titled Tuesday Blitz"]
[Site "Chess.com"]
[Date "2020.06.02"]
[Round "6"]
[White "cukus"]
[Black "dopolian"]
[Result "0-1"]
[WhiteElo "2474"]
[BlackElo "2332"]
[TimeControl "180+1"]
[EndTime "11:10:36 PDT"]
[Termination "dopolian won by resignation"]

1. e4 e5 2. Nf3 Nc6 3. Bb5 a6 4.
Ba4 Nf6 5. O-O Nxe4 6. d4 b5 7. Bb3 d5 8. dxe5 Be6 9. Nbd2 Bc5 10. Qe2 Bf5 11. c3 O-O 12. Rd1 Nxf2 13. Nd4 Nxd1 14. Qxd1 Nxd4 15. cxd4 Bxd4+ 16. Kh1 Bxe5 17. a4 Be4 18. Nxe4 dxe4 19. Qe1 Qd4 20. Be3 Qxb2 21. Rb1 Qc3 22. Qf2 Rad8 23. Bc2 f5 24.
axb5 axb5 25. Bc1 Bd4 26. Qe2 c6 27. Bf4 Kh8 28. Rc1 Qb2 29. Rb1 Qa3 30. Bd2 Be5 31. Bb4 Qa2 32. Bxf8 Rxf8 33. g4 Qd5 34. gxf5 e3+ 35.
Kg1 Qd4 36. Rd1 Qf4 37. Kh1 c5 38. f6 Rxf6 39. Rd8+ Rf8 40. Rxf8+ Qxf8 41. Qxe3 Bd4 42. Qe2 g6 43. h4 Kg7 44. h5 Qf6 45. h6+ Kxh6 46. Qh2+ Kg7 47. Qc7+ Qf7 48. Qd6 b4 49.
Bd3 Qf6 50. Qc7+ Kh6 51. Qh2+ Kg7 52. Qc7+ Qf7 53. Qxf7+ Kxf7 54. Bc4+ Kf6 55. Kg2 h5 56. Kf3 g5 57. Kg3 g4 58. Kh4 Kg6 59. Bd3+ Kh6 60.
Kg3 Be5+ 61. Kh4 Bc3 62. Kg3 Be1+ 63. Kf4 Kg7 64. Bc4 g3 65. Kf3 h4 66. Kg2 Bf2 67.
Kh3 Kf6 68. Bd3 Ke5 69. Bc4 Kd4 70. Bg8 c4 71. Bxc4 Kxc4 0-1

[Event "*** SCC Grand Prix: Titled Tuesday Blitz"]
[Site "Chess.com"]
[Date "2020.06.02"]
[Round "6"]
[White "m-garcett"]
[Black "quesfr"]
[Result "1/2-1/2"]
[WhiteElo "2059"]
[BlackElo "2241"]
[TimeControl "180+1"]
[EndTime "11:10:36 PDT"]
[Termination "Game drawn - insufficient material"]

1. e4 c5 2. Nf3 d6 3. d4 cxd4 4.
Nxd4 Nf6 5. Nc3 g6 6. Be3 Bg7 7.
f3 O-O 8. Bc4 Nc6 9. Qd2 Bd7 10.
O-O-O Qc7 11. Bb3 Na5 12. h4 Nc4 13. Bxc4 Qxc4 14. h5 Rac8 15. hxg6 fxg6 16. g4 b5 17. Bh6 Rf7 18. Bxg7 Rxg7 19. g5 Nh5 20. Nf5 gxf5 21.
Rxh5 b4 22. Nd5 fxe4 23. Rdh1 Qxa2 24. Qd4 b3 25. Nc3 Qa1+ 26. Kd2 Qxb2 27. Qd5+ e6 28. Qxb3 Qxb3 29. cxb3 exf3 30. Ne4 Bc6 31. Nf6+ Kf7 32. Rxh7 Rxh7 33. Rxh7+ Kg6 34. Rxa7 Kxg5 35. Nh7+ Kf4 36. Rf7+ Kg3 37. Ke3 Rb8 38. Rg7+ Kh4 39. Nf6 Rxb3+ 40. Kf4 Rb4+ 41. Ke3 Kh3 42. Rh7+ Kg2 43. Rg7+ Kf1 44. Ng4 Rb3+ 45. Kf4 f2 46. Ne3+ Ke2 47. Rg3 f1=Q+ 48.
Nxf1 Rxg3 49. Nxg3+ Kd3 50. Nh5 e5+ 51. Kg3 e4 52. Kf2 e3+ 53. Ke1 d5 54. Nf6 d4 55.
Ng4 Ba4 56. Ne5+ Ke4 57. Nc4 Be8 58. Nd6+ Kf3 59. Nxe8 d3 60. Nf6 d2+ 61. Kd1 e2+ 62. Kxd2 Kf2 63. Ng4+ Kf1 64. Nh2+ Kf2 65. Ng4+ Kf3 66. Ke1 Kg2 67. Kxe2 1/2-1/2

[Event "*** SCC Grand Prix: Titled Tuesday Blitz"]
[Site "Chess.com"]
[Date "2020.06.02"]
[Round "6"]
[White "RaunakSadhwani2005"]
[Black "Shubinkirill2003"]
[Result "1-0"]
[WhiteElo "2888"]
[BlackElo "2715"]
[TimeControl "180+1"]
[EndTime "11:10:37 PDT"]
[Termination "RaunakSadhwani2005 won on time"]

1. e4 e6 2. d4 d5 3. Nc3 Bb4 4. exd5 exd5 5. Bd3 c6 6. Ne2 Ne7 7. O-O Bf5 8. Bxf5 Nxf5 9. Qd3 Qd7 10. Nd1 O-O 11.
Ne3 Nxe3 12. Bxe3 Na6 13. Ng3 Nc7 14. Nf5 Rfe8 15. c3 Bf8 16. Bd2 Re6 17. Qh3 Rae8 18. Rae1 Qd8 19. Re3 Rxe3 20. Bxe3 Ne6 21. Qg4 Qf6 22.
h4 Qg6 23. Qf3 h5 24. Ng3 Be7 25. Nf5 Bf8 26. Re1 b5 27. a4 bxa4 28. Ra1 Rb8 29. Bc1 a3 30. b4 a5 31. bxa5 Ra8 32. Bxa3 Rxa5 33. Bb2 Rxa1+ 34. Bxa1 c5 35. Qxd5 Qg4 36. Qf3 cxd4 37. Qxg4 hxg4 38. cxd4 g6 39. Ne3 f5 40. h5 Kf7 41. d5 Nc7 42. Be5 Nb5 43. hxg6+ Kxg6 44. Kf1 Kg5 45. Ke2 f4 46. Nc4 Kf5 47. Kd3 Bc5 48. f3 gxf3 49. gxf3 Na3 50. Bc3 Nb5 51.
Bb2 Nd6 52. Nxd6+ Bxd6 53. Kc4 Kg5 54. Kd3 Kf5 55. Bd4 Bf8 56. Kc4 Kg5 57. Bf2 Be7 58. Kb5 Kf5 59. Kc6 Ke5 60. Bc5 Bg5 61. d6 Kf5 62. d7 Ke6 63. Bb6 Ke5 64. Kc7 Kd5 65.
Kc8 Kc4 66. Bd8 1-0

[Event "*** SCC Grand Prix: Titled Tuesday Blitz"]
[Site "Chess.com"]
[Date "2020.06.02"]
[Round "6"]
[White "Ranindu2003"]
[Black "GoltsevDmitry2000"]
[Result "1-0"]
[WhiteElo "2481"]
[BlackElo "2632"]
[TimeControl "180+1"]
[EndTime "11:10:40 PDT"]
[Termination "Ranindu2003 won by checkmate"]

1. e4 c5 2. Nf3 e6 3. d4 cxd4 4. Nxd4 a6 5. c4 Qc7 6. a3 Nf6 7. Nc3 b6 8. Be3 Bb7 9. f3 Nc6 10. Be2 Bc5 11. b4 Nxd4 12. Bxd4 Bxd4 13. Qxd4 d6 14. Na4 b5 15. cxb5 axb5 16. Bxb5+ Ke7 17.
O-O Rhb8 18. Rfc1 Qd8 19. Nb6 Bxe4 20. Nxa8 Bxa8 21. Bd3 e5 22. Qa7+ Rb7 23. Qe3 Kf8 24. b5 Nd5 25. Qf2 Nf4 26. Bf1 Qg5 27. Qg3 Qd8 28.
a4 Ra7 29. Qf2 Qa5 30. Rc8+ Ke7 31. Rac1 g5 32. b6 Rb7 33. R1c7+ Ke6 34. Rxb7 Bxb7 35. Rc7 Bd5 36. Rc1 Kf6 37. Qb2 Bb7 38. Rc7 Qa6 39. Bxa6 Bxa6 40. b7 Nd3 41. b8=Q Nxb2 42. Qxb2 Bc4 43.
Ra7 Be6 44. Qc3 h5 45. a5 h4 46. Rc7 d5 47. a6 d4 48. Qd2 Kg6 49. Rc6 Kf6 50. Rxe6+ fxe6 51. a7 Kf5 52. a8=Q Kg6 53. Qg8+ Kf6 54. Qdxg5# 1-0

[Event "*** SCC Grand Prix: Titled Tuesday Blitz"]
[Site "Chess.com"]
[Date "2020.06.02"]
[Round "6"]
[White "swisspower96"]
[Black "BIG_Pirate"]
[Result "1-0"]
[WhiteElo "2564"]
[BlackElo "2358"]
[TimeControl "180+1"]
[EndTime "11:10:41 PDT"]
[Termination "swisspower96 won by resignation"]

1. d4 d5 2. c4 c6 3. cxd5 cxd5 4. Bf4 Nc6 5. e3 Nf6 6. Nc3 a6 7. Be2 Bf5 8. Nf3 e6 9. Ne5 Nxe5 10. Bxe5 Bd6 11.
Qb3 Rb8 12. f4 O-O 13. O-O Bxe5 14. fxe5 Ne4 15. Nxe4 Bxe4 16. Bf3 Bxf3 17. Rxf3 b5 18. Qc2 Rc8 19. Qf2 Qg5 20. Rf1 Qg6 21. Rg3 Qe4 22. Qf6 Qxe3+ 23. Rxe3 gxf6 24. exf6 Kh8 25. h3 Rg8 26.
Rf2 h6 27. Kh2 Kh7 28. g4 Rc4 29. Rd3 Rgc8 30. Kg3 Rc2 31. Rdd2 Rxd2 32. Rxd2 Kg6 33. Rf2 Rc4 34. h4 Rxd4 35. Rf3 Rd2 36. Ra3 Kxf6 37. b3 Rd3+ 38. Kf2 Rd4 39. Kf3 Rd3+ 40. Kf2 Ke5 41. Rxa6 b4 42. Ra7 f5 43. g5 hxg5 44. hxg5 Rd4 45. g6 Rg4 46. g7 Ke4 47. Rb7 d4 48. Rxb4 Rxg7 49. a4 e5 50. a5 Rc7 51. a6 Rc2+ 52. Kg1 Ra2 53. Ra4 Rb2 54.
a7 Rb1+ 55. Kg2 Rb2+ 56. Kh3 Rxb3+ 57. Kh4 Rb1 58. a8=Q+ Kf4 59. Qg2 Rb3 60. Qf2+ Rf3 61. Qh2+ Ke4 62. Ra5 f4 63. Qe2+ Re3 64. Qb5 Kf3 65.
Qf1+ Ke4 66. Qh1+ f3 67. Kg4 Kd3 68. Qd1+ Ke4 69. Qb1+ d3 70. Ra4+ Kd5 71. Qb5+ Ke6 72. Ra6+ 1-0

[Event "*** SCC Grand Prix: Titled Tuesday Blitz"]
[Site "Chess.com"]
[Date "2020.06.02"]
[Round "6"]
[White "GelmanAlexander"]
[Black "GMaka"]
[Result "0-1"]
[WhiteElo "2536"]
[BlackElo "2355"]
[TimeControl "180+1"]
[EndTime "11:10:42 PDT"]
[Termination "GMaka won on time"]

1. c4 e5 2. e3 Nc6 3. a3 a5 4.
d3 g6 5. Nf3 Bg7 6. Nc3 Nge7 7.
Be2 O-O 8. O-O d6 9. Bd2 h6 10. Rb1 Be6 11. b4 axb4 12. axb4 Qd7 13. b5 Na5 14. h3 b6 15. e4 g5 16. Nd5 Ng6 17.
Nh2 Nb7 18. Bg4 Nc5 19. Be3 Nf4 20. Bxc5 dxc5 21. g3 Bxg4 22. hxg4 Ne6 23. Nf3 Ra3 24. Ra1 Rfa8 25. Rxa3 Rxa3 26. Kg2 Nd4 27. Nxd4 cxd4 28.
Qf3 Qd6 29. Rh1 Kf8 30. Qf5 Kg8 31. Rd1 Qd8 32. Qf3 Qd6 33. Rh1 Qd8 34. Qe2 Qd6 35.
Rd1 Bf8 36. Rd2 Be7 37. Ra2 Rxa2 38. Qxa2 Qd8 39. Qa7 Bd6 40. Qb7 Kg7 41. Qc6 Kg8 42. Qb7 Kg7 43. Qa7 Kg8 44. Qa2 Kg7 45. Qe2 Qd7 46.
Qf3 Qe6 47. Qd1 Qd7 48. Kf3 Qe6 49. Qa4 Qd7 50. Qa8 Bf8 51. Qb8 Bd6 52. Qa8 Bf8 53. Qc6 Qxc6 54. bxc6 Bd6 55. Ke2 Kf8 56. Kd2 Ke8 57.
Kc2 Kd8 58. Kb3 Bf8 59. Ka4 Kc8 60. Kb5 Kd8 61. Ka6 Kc8 62. Ka7 Bd6 63. Nf6 Bc5 64. Ng8 b5+ 65. Ka6 bxc4 66. dxc4 d3 67. Nf6 d2 0-1

[Event "*** SCC Grand Prix: Titled Tuesday Blitz"]
[Site "Chess.com"]
[Date "2020.06.02"]
[Round "6"]
[White "Sibelephant"]
[Black "BillieKimbah"]
[Result "1/2-1/2"]
[WhiteElo "3163"]
[BlackElo "2893"]
[TimeControl "180+1"]
[EndTime "11:10:43 PDT"]
[Termination "Game drawn by stalemate"]

1. d4 d5 2. Nf3 Nf6 3. Bg5 Ne4 4. Bh4 h5 5. Nc3 f6 6. Bg3 g5 7. h3 Nxg3 8. fxg3 c5 9. e3 Nc6 10. Bd3 Rh6 11. O-O e6 12. Qd2 Bd7 13. Kh1 Qc7 14.
Qf2 O-O-O 15. e4 dxe4 16. Bxe4 g4 17. d5 gxf3 18. dxc6 fxg2+ 19. Bxg2 Bxc6 20. Rad1 Bd6 21. Qe3 Rhh8 22. Qxe6+ Kb8 23. Bxc6 Qxc6+ 24. Qe4 Qc8 25. Qf5 Qc6+ 26. Qf3 Qc8 27. Kg2 Rhg8 28. Ne4 Be5 29. c3 Qc6 30. Kf2 c4 31. g4 Qb6+ 32. Kg2 hxg4 33. hxg4 Qxb2+ 34. Rf2 Qb6 35. Rxd8+ Qxd8 36. Nxf6 Bxf6 37. Qf4+ Ka8 38. Qxf6 Rxg4+ 39. Kh3 Rg8 40. Qxd8+ Rxd8 41. Kg4 b5 42. a4 a6 43. axb5 axb5 44.
Rf5 Rb8 45. Kf3 Ka7 46. Ke3 Kb6 47. Kd2 Ka5 48. Kc2 Rh8 49. Rf2 Ka4 50. Kb2 Rh3 51. Re2 Rg3 52. Rf2 Rh3 53. Re2 Rh1 54. Rf2 Rh4 55.
Re2 Rh3 56. Rf2 b4 57. cxb4 Kxb4 58. Re2 Rb3+ 59. Kc2 Ra3 60. Kb1 Rb3+ 61. Kc2 Rc3+ 62. Kb2 Rf3 63. Kc2 Ra3 64. Kb2 c3+ 65. Kb1 Kb3 66.
Rb2+ cxb2 1/2-1/2

[Event "*** SCC Grand Prix: Titled Tuesday Blitz"]
[Site "Chess.com"]
[Date "2020.06.02"]
[Round "6"]
[White "Mazetovic"]
[Black "kleopl"]
[Result "1-0"]
[WhiteElo "2645"]
[BlackElo "2462"]
[TimeControl "180+1"]
[EndTime "11:10:46 PDT"]
[Termination "Mazetovic won by resignation"]

1. e4 c6 2. d4 d5 3. exd5 cxd5 4. c3 Nc6 5. Bf4 Nf6 6. Nd2 Bf5 7. Ngf3 e6 8. Qb3 Qc8 9. h3 Be7 10. Be2 O-O 11.
O-O a6 12. Rfe1 b5 13. Ne5 Na5 14. Qd1 Nc4 15. Ndxc4 bxc4 16. g4 Bg6 17. Bf1 Nd7 18. Nxg6 hxg6 19. Bg2 Qc6 20. Re2 Bd6 21. Bc1 a5 22. f4 a4 23. a3 Rab8 24. h4 Nf6 25. g5 Nh5 26. Rf2 Ng3 27. Qf3 Nf5 28.
Qh3 Qc7 29. Qg4 Rb7 30. Bf3 Rfb8 31. Rh2 Kf8 32. Bd1 Qd7 33. Bc2 Ke7 34. Ra2 Kd8 35. Re2 Kc7 36. Bxf5 gxf5 37. Qf3 g6 38. Kg2 Rh8 39.
Kg3 Rb3 40. Rh2 Rh5 41. Be3 Kb6 42. Kf2 Ka6 43. Ke1 Qb7 44. Kd1 Qc8 45. Kc2 Qh8 46. Ra1 Rxh4 47. Rxh4 Qxh4 48. Rh1 Qg4 49. Qxg4 fxg4 50.
Rh4 Rb8 51. Rh7 Rf8 52. Kd1 Kb6 53. Ke2 Kc6 54. Kf2 Kd7 55. Kg3 Ke7 56. Kxg4 Rb8 57.
Bc1 Rb3 58. Rh1 Kf8 59. Rh8+ Ke7 60. Ra8 Bxa3 61. bxa3 Rxc3 62. Bd2 Rd3 63. Bb4+ Kd7 64. Rxa4 Rxd4 65. Ra7+ Kc6 66. Rxf7 Rd1 67. Rf8 d4 68. Kf3 c3 69. Rc8+ Kb5 70. Ke4 Rd2 71. Ke5 Ka4 72.
Bxc3 dxc3 73. Rxc3 Re2+ 74. Kf6 Re4 75. Rf3 Kb5 76.
Kxg6 Kc6 77. Kf7 Kd7 78. g6 e5 79. g7 1-0

[Event "*** SCC Grand Prix: Titled Tuesday Blitz"]
[Site "Chess.com"]
[Date "2020.06.02"]
[Round "6"]
[White "ChainsOfFantasia"]
[Black "VitaliyBernadskiy"]
[Result "0-1"]
[WhiteElo "2484"]
[BlackElo "2676"]
[TimeControl "180+1"]
[EndTime "11:10:51 PDT"]
[Termination "VitaliyBernadskiy won on time"]

1. c4 e5 2. g3 c6 3. d4 exd4 4. Qxd4 Nf6 5. Nc3 Na6 6. Bg2 Bc5 7. Qe5+ Be7 8. Nf3 O-O 9. O-O Re8 10. Rd1 Nc5 11.
Qf5 d6 12. Qc2 Bg4 13. b4 Ncd7 14. Bb2 Bh5 15. Rd2 Qc7 16. Rad1 Bf8 17. Nd4 Bg6 18.
Qb3 a5 19. a3 Nb6 20. Nf3 axb4 21. axb4 Nbd7 22. Nh4 Qb6 23. Nxg6 hxg6 24. b5 Ne5 25. Ne4 Nxe4 26. Bxe4 Qc5 27. bxc6 bxc6 28. Bd4 Qxc4 29. Qxc4 Nxc4 30. Bxc6 Nxd2 31. Bxa8 Rxe2 32.
Be3 Nc4 33. Bf3 Ra2 34. Bf4 Ra5 35. Bd5 Nb6 36. Bf3 Nc8 37. Bb7 Rc5 38. Rd2 g5 39. Be3 Rc1+ 40. Kg2 f6 41. Bd4 Ne7 42. Bb2 Rc7 43.
Be4 Rd7 44. Ba3 Nc8 45. Bd5+ Kh7 46. h4 gxh4 47. Be6 Rd8 48. Rd4 hxg3 49. Bf7 g6 50. Bb2 Kg7 51. Be6 gxf2 52. Rf4 Be7 53. Kxf2 Nb6 54. Rb4 Rb8 55. Bd4 Nd7 56. Ra4 Nc5 57.
Bxc5 dxc5 58. Ra7 f5 59. Ke3 Kf6 60. Bc4 Rb6 61. Kd3 g5 62. Ra8 f4 63. Rg8 Rd6+ 64. Ke2 Rd4 65. Ba6 c4 66. Kf3 c3 67. Rc8 Bb4 68. Kg4 Rd6 69. Bc4 Ke5 70. Kxg5 Kd4 71. Bb3 Ke3 72. Re8+ Kf3 73. Rf8 Rd4 74. Rf5 Kg3 0-1

[Event "*** SCC Grand Prix: Titled Tuesday Blitz"]
[Site "Chess.com"]
[Date "2020.06.02"]
[Round "6"]
[White "DvaHrasta"]
[Black "ftorodent"]
[Result "1-0"]
[WhiteElo "2494"]
[BlackElo "2649"]
[TimeControl "180+1"]
[EndTime "11:10:51 PDT"]
[Termination "DvaHrasta won on time"]

1. c4 e5 2. g3 Nf6 3. Bg2 Nc6 4. Nf3 Bc5 5. O-O O-O 6. Nxe5 Bxf2+ 7. Rxf2 Nxe5 8. d4 Nxc4 9. Bg5 Qe7 10. e4 d6 11.
Nc3 Nb6 12. Qf1 Re8 13. Rxf6 gxf6 14. Bxf6 Qe6 15. h3 Nd7 16. Nd5 Nxf6 17. Nxf6+ Kg7 18. Nxe8+ Qxe8 19. Qf4 f6 20. Rc1 Qe7 21. Re1 Bd7 22. e5 fxe5 23. dxe5 Re8 24. Bxb7 dxe5 25. Qe3 Bxh3 26.
Bf3 Bf5 27. Qxa7 Qd6 28. Qe3 e4 29. Qg5+ Qg6 30. Qxg6+ hxg6 31. g4 Rd8 32. Bxe4 Bxg4 33. a4 Rd2 34. a5 Rxb2 35. Ra1 Be2 36. a6 Bxa6 37. Rxa6 Rb6 38. Ra7 Kh6 39. Rxc7 Re6 40. Bf3 Kg5 41. Kf2 Kf4 42. Rc4+ Kg5 43. Kg3 Re5 44.
Rc6 Ra5 45. Be4 Ra3+ 46. Kf2 Kf4 47. Bxg6 Rf3+ 48. Ke2 Re3+ 49. Kd2 Re5 50. Bd3 Kf3 51. Rf6+ Kg3 52. Kc3 Re8 53. Kd4 Rg8 54. Be4 Rg5 55.
Ke3 Rg8 56. Rf1 Rg5 57. Bf3 Kh4 58. Kf4 Rg4+ 59. Kf5 Rg5+ 60. Kf4 Rg4+ 61. Ke3 Rg5 62. Kf2 Ra5 63. Rh1+ Kg5 64. Rh5+ Kf4 65. Rh4+ Kg5 66. Rg4+ Kf5 67. Kg3 Kf6 68. Rb4 Rg5+ 69. Bg4 Rc5 70. Kf4 Rc7 71. Rb6+ Ke7 72. Bf3 Rd7 73. Ke5 Rc7 74.
Bd5 1-0

[Event "*** SCC Grand Prix: Titled Tuesday Blitz"]
[Site "Chess.com"]
[Date "2020.06.02"]
[Round "6"]
[White "Oneofmyturns"]
[Black "mortngabriel"]
[Result "1/2-1/2"]
[WhiteElo "2612"]
[BlackElo "2457"]
[TimeControl "180+1"]
[EndTime "11:10:51 PDT"]
[Termination "Game drawn - insufficient material"]

1. d4 Nf6 2. c4 e6 3. Nc3 Bb4 4. Qc2 O-O 5. e4 d5 6. e5 Ne4 7. Bd3 c5 8. Nf3 cxd4 9. Nxd4 Nd7 10. Bf4 Ndc5 11. O-O Bxc3 12. bxc3 Bd7 13. Be2 Na4 14.
cxd5 exd5 15. f3 Nexc3 16. Bd3 h6 17. Kh1 Rc8 18. Qd2 Qb6 19. Rae1 Rfe8 20. Bg3 Nb2 21. Bc2 Nxa2 22. Rb1 Nc4 23. Qd3 Qg6 24. Qxg6 fxg6 25.
Rxb7 Ne3 26. Ra1 Nxc2 27. Nxc2 Rxc2 28. Rxd7 Nc3 29. h3 Ne2 30. Bf2 Rc1+ 31. Rxc1 Nxc1 32.
Rxa7 Rxe5 33. Bd4 Re1+ 34. Kh2 g5 35. Rxg7+ Kf8 36. Rd7 Ne2 37. Bg7+ Ke8 38. Rxd5 Nf4 39. Rd2 Kf7 40. Bxh6 Kg6 41. Rd6+ Kh5 42. Bxg5 Kxg5 43.
Kg3 Re2 44. h4+ Kf5 45. h5 Rxg2+ 46. Kh4 Rh2+ 47. Kg3 Rg2+ 48. Kh4 Rh2+ 49. Kg3 Rh3+ 50. Kf2 Nxh5 51. Rd5+ Kg6 52. Rd8 Nf6 53. Ra8 Rh5 54.
Kg3 Rc5 55. Ra6 Kf5 56. Ra8 Rc4 57. Ra5+ Kg6 58. Kf2 Rc1 59. Ke3 Re1+ 60. Kf2 Re6 61. Kg3 Nd7 62. Kf2 Kf6 63. Kg3 Ne5 64. Rb5 Nd3 65. Rd5 Nb4 66. Rb5 Nc2 67. Rh5 Ke7 68. Kf2 Nd4 69. Rd5 Nc6 70. Rc5 Kf6 71. Rh5 Ne5 72. Rh6+ Kf5 73. Rxe6 Kxe6 74. f4 Nd3+ 75. Ke3 Nxf4 1/2-1/2